 Dungeon Crawl Stone Soup version 0.31.0-11-ge490571c62 (webtiles) character file.

Game seed: 1574936035105239741

522 Chiseanne the Twirler (level 7, 25/52 HPs)
             Began as a Demonspawn Wanderer on Feb 9, 2024.
             Quit the game on level 5 of the Dungeon.
             The game lasted 00:08:59 (3284 turns).

Chiseanne the Twirler (Demonspawn Wanderer)         Turns: 3284, Time: 00:09:00

Health: 25/52      AC:  2    Str: 13    XL:     7   Next: 2%
Magic:  4/11       EV: 13    Int: 12    God:
Gold:   212        SH:  0    Dex: 14    Spells: 11/12 levels left

rFire   . . .        a - +3 quarterstaff (venom)
rCold   . . .        (shield currently unavailable)
rNeg    . . .        d - +0 robe
rPois   .            (helmet restricted)
rElec   .            (no cloak)
rCorr   .            (no gloves)
SInv    .            (no boots)
Will    .....        h - amulet of guardian spirit
Stlth   ++           (no ring)
HPRegen 1.28/turn    (no ring)
MPRegen 0.24/turn

%: guardian spirit
@: no status effects
A: antennae 1, powered by death 2, magic regeneration
a: no special abilities


You were on level 5 of the Dungeon.
You visited 1 branch of the dungeon, and saw 5 of its levels.

You collected 212 gold pieces.

Inventory:

Hand Weapons
 a - a +3 quarterstaff of venom (weapon)
Armour
 b - a +0 helmet
 d - a +0 robe (worn)
Magical Staves
 q - a staff of cold
Jewellery
 h - an amulet of guardian spirit (around neck)
 i - an amulet of reflection
 t - the amulet of Atumin {Faith rPois}
   (You found it on level 2 of the Dungeon)

   [amulet of faith]

   Faith:     It allows you to gain divine favour quickly.
   rPois:     It protects you from poison
Scrolls
 c - a scroll of fog
 l - a scroll of teleportation
 r - 2 scrolls of identify
Potions
 e - a potion of heal wounds
 g - 4 potions of curing
 o - a potion of might
 u - a potion of berserk rage
 v - a potion of mutation


   Skills:
 * Level 3.4 Fighting
 - Level 4.5 Staves
 * Level 3.1 Armour
 * Level 3.1 Dodging
 - Level 2.6 Stealth
 * Level 3.2 Spellcasting
 - Level 1.0 Conjurations


You had 11 spell levels left.
You knew the following spells:

 Your Spells              Type           Power      Damage    Failure   Level
a - Magic Dart            Conj           16%        1d3       16%         1

Your spell library contained the following spells:

 Spells                   Type           Power      Damage    Failure   Level
 Kiss of Death            Conj/Necr      12%        2d6       21%         1
 Searing Ray              Conj           8%         2d4       24%         2
 Dazzling Flash           Conj/Hex       6%         N/A       52%         3
 Mephitic Cloud           Conj/Alch/Air  2%         N/A       54%         3
 Confusing Touch          Hex            1%         N/A       58%         3
 Fulminant Prism          Conj/Alch      1%         3d5       89%         4
 Dispel Undead            Necr           1%         3d6       94%         4
 Curse of Agony           Necr           1%         N/A       100%        5
 Silence                  Hex/Air        0%         N/A       100%        5


Dungeon Overview and Level Annotations

Branches:
Dungeon (5/15)
 Temple: D:4-7

Altars:

Annotations:
D:2 Sigmund
D:3 1 runed translucent door, lasso's ghost, amateur OpSh


Innate Abilities, Weirdness & Mutations

You have a pair of small antennae on your head.
You regenerate health from kills.
You regenerate magic rapidly.


Message History

Your magical contamination has completely faded away.
An iguana comes into view.
The iguana hisses angrily.
Casting: Magic Dart (safe; 16% risk of failure)
Confirm with . or Enter, or press ? or * to list all spells.
Aiming: Magic Dart (safe; 16% risk of failure)
Press: ? - help, Shift-Dir - straight line, f - iguana
Aim: an iguana (100% to hit)
The magic dart hits the iguana but does no damage.
Casting: Magic Dart (safe; 16% risk of failure)
Confirm with . or Enter, or press ? or * to list all spells.
Aiming: Magic Dart (safe; 16% risk of failure)
Press: ? - help, Shift-Dir - straight line, f/p - iguana
Aim: an iguana (100% to hit)
The magic dart hits the iguana.
The iguana is lightly wounded.
Casting: Magic Dart (safe; 16% risk of failure)
Confirm with . or Enter, or press ? or * to list all spells.
Aiming: Magic Dart (safe; 16% risk of failure)
Press: ? - help, Shift-Dir - straight line, f/p - iguana
Aim: an iguana (lightly wounded, 100% to hit)
The magic dart hits the iguana.
The iguana is lightly wounded.
The iguana bites you!
You sock the iguana!
The iguana is severely wounded.
The iguana bites you.
You barely miss the iguana.
The iguana is severely wounded.
The iguana misses you. The iguana bites you!
You hit the iguana but do no damage.
The iguana is poisoned.
The iguana is severely wounded.
The iguana bites you!
You sock the iguana!
You kill the iguana!
You have reached level 7!
Your demonic ancestry asserts itself...
A pair of antennae grows on your head!
Your +0 helmet falls away!
Are you sure you want to abandon this character and quit the game? (Confirm with "yes".)

### ..# #### #.#
##...##.# #.....#.#
#......@# #.....#.#
. ##... #.####...#
.#######......... #
........####...# #.
#....##.†.......
#.###....##.####.<..
#........##.# #
#....#.##.#


There were no monsters in sight!

Vanquished Creatures
  A scorpion (D:4)
  A gnoll bouda (D:4)
  2 bombardier beetles (D:4)
  4 orc priests
  2 iguanas (D:5)
  2 orc wizards (D:4)
  3 gnolls (D:4)
  5 adders
  A ribbon worm (D:2)
  9 orcs
  2 endoplasms
  5 hobgoblins
  5 jackals
  4 kobolds
  6 quokkas
  6 ball pythons
  4 bats
  2 frilled lizards
  10 goblins
  2 rats (D:1)
76 creatures vanquished.

Notes
Turn   | Place    | Note
-------+----------+-------------------------------------------
     0 | D:1      | Chiseanne the Demonspawn Wanderer began the quest for the
                  | Orb.
     0 | D:1      | Chiseanne set off with the following items: a +2
                  | quarterstaff, a +0 helmet, a scroll of fog, a +0 robe; and
                  | the following spell memorised: Magic Dart; and the
                  | following spells available to memorise: Dazzling Flash.
     0 | D:1      | Reached XP level 1. HP: 13/13 MP: 2/2
   431 | D:2      | Reached skill level 1 in Fighting
   431 | D:2      | Gained mutation: You regenerate a little health from kills.
                  | [demonic ancestry]
   431 | D:2      | Reached XP level 2. HP: 17/21 MP: 3/3
   765 | D:2      | Identified the amulet of Atumin {Faith rPois}
   819 | D:2      | Reached skill level 1 in Armour
   819 | D:2      | Reached skill level 1 in Dodging
   897 | D:2      | Gained mutation: You regenerate magic rapidly. [demonic
                  | ancestry]
   897 | D:2      | Reached XP level 3. HP: 25/26 MP: 5/5
  1156 | D:2      | Noticed Sigmund
  1394 | D:3      | Found a runed translucent door.
  1401 | D:3      | Noticed lasso's ghost (amateur OpSh)
  1563 | D:3      | Reached XP level 4. HP: 29/32 MP: 6/6
  2018 | D:4      | Noticed a scorpion
  2030 | D:4      | Killed a scorpion
  2031 | D:4      | Reached XP level 5. HP: 30/39 MP: 4/8
  2307 | D:4      | Gained mutation: You regenerate health from kills. [demonic
                  | ancestry]
  2307 | D:4      | Reached XP level 6. HP: 45/46 MP: 7/10
  3218 | D:5      | Entered Level 5 of the Dungeon
  3284 | D:5      | Gained mutation: You have a pair of small antennae on your
                  | head. [demonic ancestry]
  3284 | D:5      | Reached XP level 7. HP: 25/52 MP: 4/11
  3284 | D:5      | Quit the game

Illustrated notes

Levels and vault maps discovered:
D:1:      dpeg_arrival_tiny_e, layout_rooms
D:2:      layout_basic, uniq_sigmund
D:3:      cheibrodos_greedy_goblins, layout_loops_cross,
          hellmonk_ghost_happy_afterlife, nicolae_elevator_lobby_plus
D:4:      layout_basic, gup_sewer_entry_glass, hangedman_glass_teeth,
          minivault_27, st_stairs_5
D:5:      minmay_bubble_buster, layout_basic, minmay_misc_feat_enclosed

Skill      XL: |  1  2  3  4  5  6 |
---------------+-------------------+-----
Fighting       | 1 2 3 |  3.4
Armour         | 1 2 3 |  3.1
Dodging        | 1 2 3 |  3.1
Spellcasting   | 2 3 |  3.2
Staves         | |  4.5
Stealth        | |  2.6
Conjurations   | |  1.0

Action                     |  1- 3 |  4- 6 |  7- 9 || total
---------------------------+-------+-------+-------++-------
  Melee: Quarterstaff      |   101 |    99 |       ||   200
   Cast: Magic Dart        |     2 |    34 |       ||    36
    Use: Potion            |     4 |       |       ||     4
         Scroll            |    12 |     2 |       ||    14
   Stab: Sleeping          |     3 |     3 |       ||     6
         Distracted        |       |     1 |       ||     1
 Armour: Robe              |    54 |    49 |       ||   103
  Dodge: Dodged            |    72 |    48 |       ||   120
